Lightning vs Maple Leafs (R1)

Created - January 17, 2020 at 21:44

Goals
1 2 3 T
Lightning 0 0 1 1
Maple Leafs 0 1 2 3
Shots
1 2 3 T
Lightning 5 6 15 26
Maple Leafs 5 10 15 30

1st period

No Goal

Penalties :
Alex Killorn (Tor) for Roughing (Minor) at 2:52, Rasmus Ristolainen (TB.) for Tripping (Minor) at 14:25, Taylor Hall (Tor) for Roughing (Minor) at 17:17

2nd period

1. Maple Leafs , Patrick Kane 24 (John Klingberg 10, Kevin Shattenkirk 21) at 9:20

Penalties :
Nikita Kucherov (TB.) for Hooking (Minor) at 1:07, Patrick Kane (Tor) for Holding (Minor) at 14:19, Taylor Hall (Tor) for Hooking (Minor) at 17:19

3rd period

2. Maple Leafs , Kevin Shattenkirk 9 (Mika Zibanejad 11) at 5:32
3. Lightning , Nikita Kucherov 9 (Rasmus Ristolainen 22, Cody Hodgson 11) at 6:21
4. Maple Leafs , Jordan Staal 16 (Patrick Kane 24, Fabian Brunnstrom 14) at 18:47 (PP)

Penalties :
Patrick Kane (Tor) for Delaying the game (Minor) at 0:28, Nikita Kucherov (TB.) for Tripping (Minor) at 12:31, Alex Killorn (Tor) for Tripping (Minor) at 16:09, Daniel Carcillo (TB.) for Elbowing (Minor) at 18:34

Goalie Stats

Jaroslav Halak (TB.), 27 saves from 30 shots - (0.900), L, 16-11-1, 60:00 minutes
Marc-André Fleury (Tor), 25 saves from 26 shots - (0.962), W, 14-10-7, 60:00 minutes

Players Stats for Lightning

Player Name              G  A  P  +/- PIM S  H  SB GA TA FO     MP     PP MP  PK MP  
------------------------------------------------------------------------------------
Andy Rogers              0  0  0  -1  0   1  1  4  0  0  0/0    18:47   0:00   3:49 
Cameron Schilling        0  0  0   0  0   0  0  2  0  1  0/0    16:52   4:51   2:21 
Cody Hodgson             0  1  1   0  0   0  0  1  0  0  8/14   17:48   5:07   0:00 
Daniel Carcillo          0  0  0   0  2   1  1  0  1  0  0/1    13:31   0:00   3:18 
Dany Heatley             0  0  0   0  0   2  3  0  0  0  0/0     8:24   0:28   1:11 
Gilbert Brule            0  0  0   0  0   3  1  0  0  0  5/5    12:27   0:00   2:08 
Henrik Zetterberg        0  0  0   0  0   2  2  0  0  0  0/1    17:48   5:07   0:00 
Jack Skille              0  0  0   0  0   0  1  0  0  0  0/0     6:42   0:09   0:00 
Jon Merrill              0  0  0   0  0   1  1  3  0  0  0/0    28:22   7:03   3:49 
Mikael Backlund          0  0  0   0  0   1  0  0  0  0  2/2     6:23   0:00   0:00 
Nikita Kucherov          1  0  1  -1  4   3  3  0  1  0  2/3    18:59   6:38   0:00 
Patrick Kaleta           0  0  0   0  0   0  0  0  0  0  0/0    12:26   0:00   2:05 
Paul Ranger              0  0  0   0  0   0  0  1  0  0  0/0    14:12   4:51   0:00 
Rasmus Ristolainen       0  1  1   0  2   2  3  0  0  0  0/0    24:25   7:03   0:00 
Teuvo Teravainen         0  0  0  -1  0   2  1  1  0  0  0/2    18:50   6:30   0:00 
Theo Peckham             0  0  0  -1  0   0  1  0  1  0  0/0    17:26   0:00   2:21 
Tyler Johnson            0  0  0  -1  0   5  1  0  0  0  14/33  22:36   6:36   3:38 
Tyler Toffoli            0  0  0   0  0   3  2  0  0  1  0/0    17:48   5:07   0:00 

Players Stats for Maple Leafs

Player Name              G  A  P  +/- PIM S  H  SB GA TA FO     MP     PP MP  PK MP  
------------------------------------------------------------------------------------
Alex Killorn             0  0  0   0  4   0  1  0  1  0  0/0     8:34   0:00   0:00 
Beau Bennett             0  0  0   0  0   0  1  0  0  0  0/0     8:12   0:00   0:00 
Ben Smith                0  0  0   0  0   1  2  0  0  0  0/0    19:59   2:26   6:18 
Blake Comeau             0  0  0   1  0   2  1  0  0  0  0/0     8:09   0:00   0:00 
Brayden Schenn           0  0  0   0  0   4  2  0  0  0  10/21  19:44   2:26   6:25 
Braydon Coburn           0  0  0   0  0   2  3  1  1  0  0/0    23:14   2:09   6:32 
Calvin de Haan           0  0  0   0  0   0  1  1  0  0  0/0     9:46   0:00   0:00 
Darnell Nurse            0  0  0   0  0   2  4  1  0  2  0/0    18:27   0:00   5:22 
Eric Nystrom             0  0  0   1  0   0  2  0  0  0  0/0    13:57   2:26   3:06 
Fabian Brunnstrom        0  1  1   0  0   1  1  0  0  0  0/0    14:50   3:44   0:07 
John Klingberg           0  1  1   1  0   2  2  1  0  0  0/0    20:56   4:01   0:00 
Jordan Staal             1  0  1   0  0   3  3  0  0  0  14/29  21:52   3:44   3:57 
Kevin Shattenkirk        1  1  2   1  0   3  0  2  0  0  0/0    28:23   4:01   5:22 
Mika Zibanejad           0  1  1   1  0   0  1  0  0  0  3/6    10:19   0:00   1:32 
Nate Thompson            0  0  0   0  0   2  0  0  0  0  1/2     8:05   0:00   0:00 
Patrick Kane             1  1  2   0  4   5  1  1  0  0  1/2    20:38   3:44   2:23 
Ryan Parent              0  0  0   0  0   1  1  1  0  0  0/0    19:14   2:09   6:32 
Taylor Hall              0  0  0   0  4   2  1  0  0  1  1/1    13:41   0:00   0:00 

3 Stars

1 - Kevin Shattenkirk (Tor)
2 - Marc-André Fleury (Tor)
3 - Jordan Staal (Tor)

Power Play

Lightning - 0 on 6 Attempt(s) - 0.00%
Maple Leafs - 1 on 4 Attempt(s) - 25.00%

Penalty Kill

Lightning - 3 on 4 Attempt(s) - 75.00% - Score 0 goal in Penalty Kill
Maple Leafs - 6 on 6 Attempt(s) - 100.00% - Score 0 goal in Penalty Kill

Team Stat

Lightning - Hits : 21 - Faceoff Wins : 31 - Blocked Shots : 12 - Penalty Minutes : 8
Maple Leafs - Hits : 27 - Faceoff Wins : 30 - Blocked Shots : 8 - Penalty Minutes : 12

Official

Referees : Unknown
Linesman : Unknown

Game Notes

No Game Note

Finance

Level 1 -- Attendance: 5109 (85.15%) -- Ticket Income $561,990
Level 2 -- Attendance: 3707 (74.14%) -- Ticket Income $259,490
Level 3 -- Attendance: 1660 (83.00%) -- Ticket Income $76,360
Level 4 -- Attendance: 4000 (100.00%) -- Ticket Income $120,000
Luxury Box -- Attendance: 1000 (100.00%) -- Ticket Income $180,000
Game was played at the Maple Leafs Garden.
Total Attendance: 15476 (85.98%)
Total Ticket Income: $1,197,840
Other Income: $179,676
Total Income: $1,377,516

Lightning

5 vs 5 Forward 
   Center                   Left Wing                Right Wing               Time % Phy DF OF 
 1 Tyler Johnson            Teuvo Teravainen         Nikita Kucherov          35     0   2  3  
 2 Cody Hodgson             Henrik Zetterberg        Tyler Toffoli            30     0   2  3  
 3 Gilbert Brule            Daniel Carcillo          Patrick Kaleta           30     0   2  3  
 4 Mikael Backlund          Dany Heatley             Jack Skille              5      1   2  2  

5 vs 5 Defense 
   Defense                  Defense                                           Time % Phy DF OF 
 1 Rasmus Ristolainen       Jon Merrill                                       40     0   2  3  
 2 Andy Rogers              Theo Peckham                                      30     0   2  3  
 3 Cameron Schilling        Paul Ranger                                       20     1   2  2  
 4 Rasmus Ristolainen       Jon Merrill                                       10     0   2  3  

PowerPlay Forward 
   Center                   Left Wing                Right Wing               Time % Phy DF OF 
 1 Tyler Johnson            Teuvo Teravainen         Nikita Kucherov          60     0   1  4  
 2 Cody Hodgson             Henrik Zetterberg        Tyler Toffoli            40     0   1  4  

PowerPlay Defense
   Defense                  Defense                                           Time % Phy DF OF 
 1 Rasmus Ristolainen       Jon Merrill                                       60     0   1  4  
 2 Cameron Schilling        Paul Ranger                                       40     0   2  3  

Penalty Kill 4 Players Forward 
   Center                   Wing                     Time % Phy DF OF 
 1 Tyler Johnson            Daniel Carcillo          60     1   3  1  
 2 Gilbert Brule            Patrick Kaleta           40     1   3  1  

Penalty Kill 4 Players Defense
   Defense                  Defense                  Time % Phy DF OF 
 1 Andy Rogers              Jon Merrill              60     1   3  1  
 2 Cameron Schilling        Theo Peckham             40     1   3  1  

Penalty Kill - 3 Players Forward 
   Forward                                           Time % Phy DF OF 
 1 Tyler Johnson                                     60     1   3  1  
 2 Gilbert Brule                                     40     1   3  1  

Penalty Kill - 3 Players Defense
   Defense                  Defense                  Time % Phy DF OF 
 1 Andy Rogers              Jon Merrill              60     1   3  1  
 2 Cameron Schilling        Theo Peckham             40     1   3  1  

4 vs 4 Forward 
   Center                   Wing                     Time % Phy DF OF 
 1 Tyler Johnson            Nikita Kucherov          60     0   2  3  
 2 Cody Hodgson             Henrik Zetterberg        40     0   2  3  

4 vs 4 Defense
   Defense                  Defense                  Time % Phy DF OF 
 1 Rasmus Ristolainen       Jon Merrill              60     0   2  3  
 2 Cameron Schilling        Andy Rogers              40     1   2  2  

Last Minutes Offensive
   Center                   Left Wing                Right Wing               Defense                  Defense                  
   Tyler Johnson            Henrik Zetterberg        Nikita Kucherov          Rasmus Ristolainen       Jon Merrill              

Last Minutes Defensive
   Center                   Left Wing                Right Wing               Defense                  Defense                  
   Tyler Johnson            Daniel Carcillo          Patrick Kaleta           Andy Rogers              Jon Merrill              

Goaltenders
Starting : Jaroslav Halak           
Backup : Jhonas Enroth            

Extra Forwards
Normal : Dany Heatley, Nikita Kucherov, Teuvo Teravainen - PP : Dany Heatley, Nikita Kucherov - PK : Patrick Kaleta
Extra Defensemen
Normal : Rasmus Ristolainen, Jon Merrill, Cameron Schilling - PP : Rasmus Ristolainen - PK : Paul Ranger, Cameron Schilling
Penalty Shots
Henrik Zetterberg, Gilbert Brule, Daniel Carcillo, Nikita Kucherov, Dany Heatley

Scratches
Pierre-Luc Létourneau (Healthy), Justin Schultz (Right Ankle Injury)

Maple Leafs

5 vs 5 Forward 
   Center                   Left Wing                Right Wing               Time % Phy DF OF 
 1 Jordan Staal             Taylor Hall              Patrick Kane             40     1   1  3  
 2 Brayden Schenn           Fabian Brunnstrom        Ben Smith                30     1   2  2  
 3 Mika Zibanejad           Eric Nystrom             Blake Comeau             20     1   2  2  
 4 Nate Thompson            Alex Killorn             Beau Bennett             10     1   3  1  

5 vs 5 Defense 
   Defense                  Defense                                           Time % Phy DF OF 
 1 Kevin Shattenkirk        John Klingberg                                    40     0   2  3  
 2 Braydon Coburn           Darnell Nurse                                     30     1   3  1  
 3 Ryan Parent              Calvin de Haan                                    20     1   2  2  
 4 Kevin Shattenkirk        Braydon Coburn                                    10     1   1  3  

PowerPlay Forward 
   Center                   Left Wing                Right Wing               Time % Phy DF OF 
 1 Jordan Staal             Fabian Brunnstrom        Patrick Kane             60     0   1  4  
 2 Brayden Schenn           Eric Nystrom             Ben Smith                40     0   1  4  

PowerPlay Defense
   Defense                  Defense                                           Time % Phy DF OF 
 1 Kevin Shattenkirk        John Klingberg                                    60     0   1  4  
 2 Braydon Coburn           Ryan Parent                                       40     0   1  4  

Penalty Kill 4 Players Forward 
   Center                   Wing                     Time % Phy DF OF 
 1 Brayden Schenn           Ben Smith                60     1   3  1  
 2 Jordan Staal             Patrick Kane             40     1   3  1  

Penalty Kill 4 Players Defense
   Defense                  Defense                  Time % Phy DF OF 
 1 Braydon Coburn           Ryan Parent              60     1   3  1  
 2 Kevin Shattenkirk        Darnell Nurse            40     1   3  1  

Penalty Kill - 3 Players Forward 
   Forward                                           Time % Phy DF OF 
 1 Brayden Schenn                                    60     1   4  0  
 2 Jordan Staal                                      40     1   4  0  

Penalty Kill - 3 Players Defense
   Defense                  Defense                  Time % Phy DF OF 
 1 Braydon Coburn           Ryan Parent              60     1   4  0  
 2 Kevin Shattenkirk        Darnell Nurse            40     1   4  0  

4 vs 4 Forward 
   Center                   Wing                     Time % Phy DF OF 
 1 Jordan Staal             Patrick Kane             60     1   2  2  
 2 Brayden Schenn           Taylor Hall              40     1   2  2  

4 vs 4 Defense
   Defense                  Defense                  Time % Phy DF OF 
 1 Kevin Shattenkirk        John Klingberg           60     1   2  2  
 2 Braydon Coburn           Ryan Parent              40     1   2  2  

Last Minutes Offensive
   Center                   Left Wing                Right Wing               Defense                  Defense                  
   Jordan Staal             Taylor Hall              Patrick Kane             Kevin Shattenkirk        John Klingberg           

Last Minutes Defensive
   Center                   Left Wing                Right Wing               Defense                  Defense                  
   Jordan Staal             Eric Nystrom             Patrick Kane             Braydon Coburn           Ryan Parent              

Goaltenders
Starting : Marc-André Fleury        
Backup : Tyler Weiman             

Extra Forwards
Normal : Jordan Staal, Beau Bennett, Patrick Kane - PP : Brayden Schenn, Ben Smith - PK : Ben Smith
Extra Defensemen
Normal : Darnell Nurse, Calvin de Haan, Kevin Shattenkirk - PP : John Klingberg - PK : Ryan Parent, Kevin Shattenkirk
Penalty Shots
Patrick Kane, Blake Comeau, Taylor Hall, Fabian Brunnstrom, Jordan Staal

Scratches
Marc-Édouard Vlasic (Left Hip Injury)

% Time on Ice - Lightning

Lines # - Real PCT - Wanted PCT - Time Play
Normal Forward
1 - 30% - 35% - 12:38
2 - 30% - 30% - 12:41
3 - 24% - 30% - 10:14
4 - 15% - 5% - 6:23
Normal Defense
1 - 41% - 40% - 17:05
2 - 36% - 30% - 15:07
3 - 22% - 20% - 9:19
4 - 1% - 10% - 0:25
PP Forward
1 - 57% - 60% - 6:47
2 - 43% - 40% - 5:07
PP Defense
1 - 59% - 60% - 7:03
2 - 41% - 40% - 4:51
PK Forward
1 - 80% - 60% - 4:56
2 - 20% - 40% - 1:14
PK Defense
1 - 62% - 60% - 3:49
2 - 38% - 40% - 2:21
PK3 Forward
1 - 0% - 60%
2 - 0% - 40%
PK3 Defense
1 - 0% - 60%
2 - 0% - 40%
44 Forward
1 - 0% - 60%
2 - 0% - 40%
44 Defense
1 - 0% - 60%
2 - 0% - 40%
Last Minute Offensive  - 0:00
Last Minute Defensive  - 0:00
Total
Forward - 60:00
Defense - 60:00

% Time on Ice - Maple Leafs

Lines # - Real PCT - Wanted PCT - Time Play
Normal Forward
1 - 35% - 40% - 14:44
2 - 26% - 30% - 10:58
3 - 19% - 20% - 8:09
4 - 19% - 10% - 8:05
Normal Defense
1 - 42% - 40% - 17:48
2 - 33% - 30% - 13:52
3 - 21% - 20% - 8:53
4 - 3% - 10% - 1:23
PP Forward
1 - 61% - 60% - 3:44
2 - 39% - 40% - 2:26
PP Defense
1 - 65% - 60% - 4:01
2 - 35% - 40% - 2:09
PK Forward
1 - 67% - 60% - 7:57
2 - 33% - 40% - 3:57
PK Defense
1 - 55% - 60% - 6:32
2 - 45% - 40% - 5:22
PK3 Forward
1 - 0% - 60%
2 - 0% - 40%
PK3 Defense
1 - 0% - 60%
2 - 0% - 40%
44 Forward
1 - 0% - 60%
2 - 0% - 40%
44 Defense
1 - 0% - 60%
2 - 0% - 40%
Last Minute Offensive  - 0:00
Last Minute Defensive  - 0:00
Total
Forward - 60:00
Defense - 60:00

Play-by-Play

1st period


0:01 of 1st period - Tyler Johnson wins face-off versus Jordan Staal in neutral zone.
1:57 of 1st period - Backhand shot by Ben Smith.
1:57 of 1st period - Stopped by Jaroslav Halak with a rebound.
2:05 of 1st period - Calvin de Haan is hit by Rasmus Ristolainen and loses puck.
2:24 of 1st period - Gilbert Brule is hit by Ryan Parent and loses puck.
2:52 of 1st period - Minor Penalty to Alex Killorn for Roughing.
2:53 of 1st period - Brayden Schenn wins face-off versus Tyler Johnson in Maple Leafs zone.
3:19 of 1st period - Tyler Toffoli is hit by Darnell Nurse and loses puck.
3:52 of 1st period - Slapshot by Patrick Kane.
3:52 of 1st period - Stopped by Jaroslav Halak with a rebound.
4:42 of 1st period - Darnell Nurse is hit by Nikita Kucherov and loses puck.
4:52 of 1st period - Penalty to Alex Killorn is over, Alex Killorn is back on ice.
5:11 of 1st period - Snap shot by Alex Killorn.
5:11 of 1st period - Shot Blocked by Andy Rogers.
5:37 of 1st period - Wrist shot by Mikael Backlund.
5:37 of 1st period - Stopped by Marc-André Fleury with a rebound.
6:58 of 1st period - Andy Rogers is hit by Blake Comeau and loses puck.
7:03 of 1st period - Slapshot by Mika Zibanejad.
7:03 of 1st period - Shot Blocked by Andy Rogers.
7:21 of 1st period - Snap shot by Henrik Zetterberg.
7:21 of 1st period - Shot Misses the Net.
7:33 of 1st period - Dany Heatley is hit by Braydon Coburn and loses puck.
8:00 of 1st period - Rasmus Ristolainen is hit by Fabian Brunnstrom and loses puck.
8:15 of 1st period - Slapshot by Ben Smith.
8:15 of 1st period - Shot Misses the Net.
8:17 of 1st period - Slapshot by Ben Smith.
8:17 of 1st period - Shot Misses the Net.
8:19 of 1st period - Slapshot by Kevin Shattenkirk.
8:19 of 1st period - Deflect By Brayden Schenn.
8:19 of 1st period - Shot Misses the Net.
8:19 of 1st period - Puck is out of play.
8:20 of 1st period - Cody Hodgson wins face-off versus Jordan Staal in Lightning zone.
8:33 of 1st period - Slapshot by Patrick Kane.
8:33 of 1st period - Shot Misses the Net.
8:55 of 1st period - Off-side.
8:56 of 1st period - Mika Zibanejad wins face-off versus Tyler Johnson in neutral zone.
9:10 of 1st period - Wrist shot by Tyler Johnson.
9:10 of 1st period - Stopped by Marc-André Fleury without a rebound.
9:11 of 1st period - Cody Hodgson wins face-off versus Jordan Staal in Maple Leafs zone.
9:29 of 1st period - Icing by Kevin Shattenkirk.
9:30 of 1st period - Jordan Staal wins face-off versus Tyler Johnson in Maple Leafs zone.
10:06 of 1st period - Rasmus Ristolainen is hit by Darnell Nurse and loses puck.
10:19 of 1st period - Andy Rogers is hit by Mika Zibanejad and loses puck.
11:27 of 1st period - Ryan Parent is hit by Andy Rogers.
11:41 of 1st period - Theo Peckham is hit by Calvin de Haan.
11:49 of 1st period - Slapshot by Eric Nystrom.
11:49 of 1st period - Shot Misses the Net.
12:05 of 1st period - Nikita Kucherov is hit by Taylor Hall and loses puck.
12:28 of 1st period - Slapshot by Henrik Zetterberg.
12:28 of 1st period - Deflect By Kevin Shattenkirk.
12:28 of 1st period - Stopped by Marc-André Fleury with a rebound.
12:46 of 1st period - Wrist shot by Taylor Hall.
12:46 of 1st period - Stopped by Jaroslav Halak with a rebound.
12:48 of 1st period - Wrist shot by Patrick Kane.
12:48 of 1st period - Shot Misses the Net.
12:56 of 1st period - Snap shot by Patrick Kane.
12:56 of 1st period - Deflect By Jordan Staal.
12:56 of 1st period - Shot Blocked by Paul Ranger.
12:56 of 1st period - Puck is out of play.
12:57 of 1st period - Tyler Johnson wins face-off versus Brayden Schenn in Lightning zone.
12:57 of 1st period - Tyler Johnson is hit by Ben Smith.
13:03 of 1st period - Wrist shot by Brayden Schenn.
13:03 of 1st period - Shot Hit the Post.
13:28 of 1st period - Wrist shot by Mika Zibanejad.
13:28 of 1st period - Shot Misses the Net.
13:48 of 1st period - Snap shot by Gilbert Brule.
13:48 of 1st period - Stopped by Marc-André Fleury with a rebound.
13:54 of 1st period - Snap shot by Gilbert Brule.
13:54 of 1st period - Shot Blocked by Braydon Coburn.
14:16 of 1st period - Wrist shot by Ben Smith.
14:16 of 1st period - Shot Misses the Net.
14:18 of 1st period - Wrist shot by Fabian Brunnstrom.
14:18 of 1st period - Stopped by Jaroslav Halak without a rebound.
14:19 of 1st period - Jordan Staal wins face-off versus Cody Hodgson in Lightning zone.
14:25 of 1st period - Minor Penalty to Rasmus Ristolainen for Tripping.
14:26 of 1st period - Jordan Staal wins face-off versus Tyler Johnson in Lightning zone.
16:25 of 1st period - Penalty to Rasmus Ristolainen is over, Rasmus Ristolainen is back on ice.
16:38 of 1st period - Slapshot by Ryan Parent.
16:38 of 1st period - Stopped by Jaroslav Halak with a rebound.
16:44 of 1st period - Nate Thompson is hit by Tyler Toffoli and loses puck.
16:57 of 1st period - Cameron Schilling is hit by Eric Nystrom and loses puck.
17:08 of 1st period - Jordan Staal is hit by Jack Skille and loses puck.
17:17 of 1st period - Minor Penalty to Taylor Hall for Roughing.
17:18 of 1st period - Tyler Johnson wins face-off versus Brayden Schenn in Maple Leafs zone.
17:32 of 1st period - Snap shot by Tyler Johnson.
17:32 of 1st period - Shot Misses the Net.
17:42 of 1st period - Brayden Schenn is hit by Tyler Toffoli and loses puck.
19:10 of 1st period - Henrik Zetterberg is hit by Eric Nystrom and loses puck.
19:17 of 1st period - Penalty to Taylor Hall is over, Taylor Hall is back on ice.
19:25 of 1st period - Beau Bennett is hit by Gilbert Brule and loses puck.
19:30 of 1st period - Snap shot by Gilbert Brule.
19:30 of 1st period - Shot Misses the Net.
19:32 of 1st period - Snap shot by Gilbert Brule.
19:32 of 1st period - Stopped by Marc-André Fleury with a rebound.
19:34 of 1st period - Slapshot by Theo Peckham.
19:34 of 1st period - Shot Blocked by Calvin de Haan.
Goals for this period are 0 for Lightning vs 0 for Maple Leafs.
Shots for this period are 5 for Lightning vs 5 for Maple Leafs.

2nd period


0:01 of 2nd period - Tyler Johnson wins face-off versus Patrick Kane in neutral zone.
0:11 of 2nd period - Icing by Tyler Johnson.
0:12 of 2nd period - Tyler Johnson wins face-off versus Jordan Staal in Lightning zone.
0:31 of 2nd period - Slapshot by Tyler Johnson.
0:31 of 2nd period - Deflect By Patrick Kane.
0:31 of 2nd period - Shot Blocked by Patrick Kane.
0:31 of 2nd period - Puck is out of play.
0:32 of 2nd period - Gilbert Brule wins face-off versus Brayden Schenn in Maple Leafs zone.
0:33 of 2nd period - Slapshot by Rasmus Ristolainen.
0:33 of 2nd period - Shot Blocked by Kevin Shattenkirk.
0:43 of 2nd period - Snap shot by Kevin Shattenkirk.
0:43 of 2nd period - Stopped by Jaroslav Halak without a rebound.
0:44 of 2nd period - Tyler Johnson wins face-off versus Jordan Staal in Lightning zone.
1:07 of 2nd period - Minor Penalty to Nikita Kucherov for Hooking.
1:08 of 2nd period - Jordan Staal wins face-off versus Tyler Johnson in Lightning zone.
1:20 of 2nd period - Icing by Jordan Staal.
1:21 of 2nd period - Jordan Staal wins face-off versus Tyler Johnson in Maple Leafs zone.
1:27 of 2nd period - Slapshot by John Klingberg.
1:27 of 2nd period - Stopped by Jaroslav Halak with a rebound.
1:29 of 2nd period - Slapshot by John Klingberg.
1:29 of 2nd period - Stopped by Jaroslav Halak with a rebound.
1:31 of 2nd period - Wrist shot by Kevin Shattenkirk.
1:31 of 2nd period - Deflect By Fabian Brunnstrom.
1:31 of 2nd period - Shot Blocked by Jon Merrill.
1:31 of 2nd period - Puck is out of play.
1:32 of 2nd period - Tyler Johnson wins face-off versus Jordan Staal in Lightning zone.
1:32 of 2nd period - Tyler Johnson is hit by Patrick Kane.
2:22 of 2nd period - Fabian Brunnstrom is hit by Theo Peckham and loses puck.
3:07 of 2nd period - Penalty to Nikita Kucherov is over, Nikita Kucherov is back on ice.
3:30 of 2nd period - Kevin Shattenkirk is hit by Rasmus Ristolainen and loses puck.
3:43 of 2nd period - Eric Nystrom is hit by Jon Merrill and loses puck.
4:07 of 2nd period - Slapshot by Ryan Parent.
4:07 of 2nd period - Shot Misses the Net.
4:43 of 2nd period - Jordan Staal is hit by Nikita Kucherov and loses puck.
4:58 of 2nd period - Darnell Nurse is hit by Daniel Carcillo and loses puck.
5:08 of 2nd period - Icing by Alex Killorn.
5:09 of 2nd period - Cody Hodgson wins face-off versus Nate Thompson in Maple Leafs zone.
5:14 of 2nd period - Snap shot by Tyler Toffoli.
5:14 of 2nd period - Stopped by Marc-André Fleury with a rebound.
7:06 of 2nd period - Ryan Parent is hit by Dany Heatley and loses puck.
7:14 of 2nd period - Off-side.
7:15 of 2nd period - Cody Hodgson wins face-off versus Jordan Staal in neutral zone.
7:25 of 2nd period - Slapshot by Braydon Coburn.
7:25 of 2nd period - Stopped by Jaroslav Halak with a rebound.
7:27 of 2nd period - Slapshot by Braydon Coburn.
7:27 of 2nd period - Stopped by Jaroslav Halak with a rebound.
7:29 of 2nd period - Snap shot by Jordan Staal.
7:29 of 2nd period - Shot Misses the Net.
7:31 of 2nd period - Wrist shot by Taylor Hall.
7:31 of 2nd period - Shot Misses the Net.
7:55 of 2nd period - Icing by Kevin Shattenkirk.
7:56 of 2nd period - Gilbert Brule wins face-off versus Brayden Schenn in Maple Leafs zone.
8:02 of 2nd period - Off-side.
8:03 of 2nd period - Gilbert Brule wins face-off versus Jordan Staal in neutral zone.
8:32 of 2nd period - Snap shot by Henrik Zetterberg.
8:32 of 2nd period - Shot Misses the Net.
8:34 of 2nd period - Slapshot by Andy Rogers.
8:34 of 2nd period - Deflect By Henrik Zetterberg.
8:34 of 2nd period - Shot Misses the Net.
8:34 of 2nd period - Puck is out of play.
8:35 of 2nd period - Brayden Schenn wins face-off versus Cody Hodgson in Maple Leafs zone.
8:44 of 2nd period - Slapshot by Rasmus Ristolainen.
8:44 of 2nd period - Shot Blocked by Darnell Nurse.
8:54 of 2nd period - Rasmus Ristolainen is hit by Darnell Nurse and loses puck.
9:09 of 2nd period - Snap shot by Tyler Johnson.
9:09 of 2nd period - Stopped by Marc-André Fleury without a rebound.
9:10 of 2nd period - Patrick Kane wins face-off versus Tyler Johnson in Maple Leafs zone.
9:10 of 2nd period - Patrick Kane is hit by Teuvo Teravainen.
9:20 of 2nd period - Slapshot by Patrick Kane.
9:20 of 2nd period - Goal by Patrick Kane - Lightning : 0 - Maple Leafs : 1.
9:21 of 2nd period - Jordan Staal wins face-off versus Tyler Johnson in neutral zone.
9:28 of 2nd period - Wrist shot by Patrick Kane.
9:28 of 2nd period - Shot Misses the Net.
9:34 of 2nd period - Slapshot by Jon Merrill.
9:34 of 2nd period - Stopped by Marc-André Fleury with a rebound.
9:36 of 2nd period - Wrist shot by Nikita Kucherov.
9:36 of 2nd period - Shot Blocked by John Klingberg.
10:50 of 2nd period - Slapshot by Calvin de Haan.
10:50 of 2nd period - Deflect By Blake Comeau.
10:50 of 2nd period - Stopped by Jaroslav Halak without a rebound.
10:51 of 2nd period - Tyler Johnson wins face-off versus Mika Zibanejad in Lightning zone.
11:06 of 2nd period - Snap shot by Nikita Kucherov.
11:06 of 2nd period - Shot Misses the Net.
11:40 of 2nd period - Wrist shot by Henrik Zetterberg.
11:40 of 2nd period - Stopped by Marc-André Fleury without a rebound.
11:41 of 2nd period - Nate Thompson wins face-off versus Cody Hodgson in Maple Leafs zone.
12:01 of 2nd period - Snap shot by Nate Thompson.
12:01 of 2nd period - Stopped by Jaroslav Halak without a rebound.
12:02 of 2nd period - Tyler Johnson wins face-off versus Jordan Staal in Lightning zone.
12:02 of 2nd period - Tyler Johnson is hit by Jordan Staal.
12:16 of 2nd period - John Klingberg is hit by Tyler Johnson and loses puck.
12:29 of 2nd period - Patrick Kaleta is hit by John Klingberg and loses puck.
12:58 of 2nd period - Snap shot by Blake Comeau.
12:58 of 2nd period - Stopped by Jaroslav Halak without a rebound.
12:59 of 2nd period - Jordan Staal wins face-off versus Tyler Johnson in Lightning zone.
13:04 of 2nd period - Slapshot by Taylor Hall.
13:04 of 2nd period - Shot Misses the Net.
13:06 of 2nd period - Snap shot by Taylor Hall.
13:06 of 2nd period - Shot Misses the Net.
13:08 of 2nd period - Snap shot by Jordan Staal.
13:08 of 2nd period - Stopped by Jaroslav Halak with a rebound.
13:12 of 2nd period - Slapshot by Patrick Kane.
13:12 of 2nd period - Shot Misses the Net.
13:14 of 2nd period - Backhand shot by Braydon Coburn.
13:14 of 2nd period - Shot Blocked by Andy Rogers.
13:16 of 2nd period - Snap shot by Patrick Kane.
13:16 of 2nd period - Shot Misses the Net.
14:14 of 2nd period - Slapshot by Dany Heatley.
14:14 of 2nd period - Stopped by Marc-André Fleury without a rebound.
14:15 of 2nd period - Mikael Backlund wins face-off versus Jordan Staal in Maple Leafs zone.
14:19 of 2nd period - Minor Penalty to Patrick Kane for Holding.
14:20 of 2nd period - Brayden Schenn wins face-off versus Tyler Johnson in Maple Leafs zone.
14:34 of 2nd period - Wrist shot by Tyler Johnson.
14:34 of 2nd period - Shot Misses the Net.
14:36 of 2nd period - Snap shot by Tyler Johnson.
14:36 of 2nd period - Stopped by Marc-André Fleury with a rebound.
16:19 of 2nd period - Penalty to Patrick Kane is over, Patrick Kane is back on ice.
16:48 of 2nd period - Theo Peckham is hit by Darnell Nurse and loses puck.
17:11 of 2nd period - Wrist shot by Patrick Kaleta.
17:11 of 2nd period - Shot Misses the Net.
17:13 of 2nd period - Slapshot by Patrick Kaleta.
17:13 of 2nd period - Shot Misses the Net.
17:19 of 2nd period - Minor Penalty to Taylor Hall for Hooking.
17:20 of 2nd period - Brayden Schenn wins face-off versus Nikita Kucherov in Maple Leafs zone.
17:37 of 2nd period - Slapshot by Rasmus Ristolainen.
17:37 of 2nd period - Shot Blocked by Ryan Parent.
18:21 of 2nd period - Patrick Kane is hit by Nikita Kucherov and loses puck.
18:44 of 2nd period - Ryan Parent is hit by Henrik Zetterberg.
19:18 of 2nd period - Mika Zibanejad is hit by Dany Heatley and loses puck.
19:19 of 2nd period - Penalty to Taylor Hall is over, Taylor Hall is back on ice.
19:29 of 2nd period - Daniel Carcillo is hit by Beau Bennett and loses puck.
Goals for this period are 0 for Lightning vs 1 for Maple Leafs.
Shots for this period are 6 for Lightning vs 10 for Maple Leafs.

3rd period


0:01 of 3rd period - Jordan Staal wins face-off versus Teuvo Teravainen in neutral zone.
0:04 of 3rd period - Snap shot by Patrick Kane.
0:04 of 3rd period - Stopped by Jaroslav Halak without a rebound.
0:05 of 3rd period - Jordan Staal wins face-off versus Tyler Johnson in Lightning zone.
0:06 of 3rd period - Snap shot by Patrick Kane.
0:06 of 3rd period - Shot Blocked by Jon Merrill.
0:11 of 3rd period - Rasmus Ristolainen is hit by John Klingberg and loses puck.
0:14 of 3rd period - Wrist shot by Teuvo Teravainen.
0:14 of 3rd period - Stopped by Marc-André Fleury with a rebound.
0:16 of 3rd period - Slapshot by Jon Merrill.
0:16 of 3rd period - Shot Misses the Net.
0:18 of 3rd period - Snap shot by Tyler Johnson.
0:18 of 3rd period - Shot Misses the Net.
0:28 of 3rd period - Minor Penalty to Patrick Kane for Delaying the game.
0:29 of 3rd period - Tyler Johnson wins face-off versus Brayden Schenn in Maple Leafs zone.
1:05 of 3rd period - Slapshot by Rasmus Ristolainen.
1:05 of 3rd period - Shot Misses the Net.
1:47 of 3rd period - Jon Merrill is hit by Brayden Schenn.
2:28 of 3rd period - Penalty to Patrick Kane is over, Patrick Kane is back on ice.
2:43 of 3rd period - Wrist shot by Jordan Staal.
2:43 of 3rd period - Shot Blocked by Andy Rogers.
3:01 of 3rd period - Mikael Backlund is hit by Alex Killorn and loses puck.
3:36 of 3rd period - Alex Killorn is hit by Dany Heatley and loses puck.
4:01 of 3rd period - Cameron Schilling is hit by Jordan Staal and loses puck.
4:35 of 3rd period - Snap shot by Tyler Toffoli.
4:35 of 3rd period - Stopped by Marc-André Fleury with a rebound.
4:37 of 3rd period - Snap shot by Daniel Carcillo.
4:37 of 3rd period - Stopped by Marc-André Fleury with a rebound.
4:39 of 3rd period - Wrist shot by Daniel Carcillo.
4:39 of 3rd period - Shot Misses the Net.
4:51 of 3rd period - Slapshot by Nate Thompson.
4:51 of 3rd period - Stopped by Jaroslav Halak with a rebound.
4:58 of 3rd period - Icing by Andy Rogers.
4:59 of 3rd period - Mikael Backlund wins face-off versus Brayden Schenn in Lightning zone.
5:18 of 3rd period - Wrist shot by Dany Heatley.
5:18 of 3rd period - Stopped by Marc-André Fleury without a rebound.
5:19 of 3rd period - Nikita Kucherov wins face-off versus Mika Zibanejad in Maple Leafs zone.
5:24 of 3rd period - Wrist shot by Tyler Johnson.
5:24 of 3rd period - Stopped by Marc-André Fleury without a rebound.
5:25 of 3rd period - Mika Zibanejad wins face-off versus Tyler Johnson in Maple Leafs zone.
5:32 of 3rd period - Snap shot by Kevin Shattenkirk.
5:32 of 3rd period - Goal by Kevin Shattenkirk - Lightning : 0 - Maple Leafs : 2.
5:33 of 3rd period - Jordan Staal wins face-off versus Tyler Johnson in neutral zone.
5:48 of 3rd period - Snap shot by Nikita Kucherov.
5:48 of 3rd period - Deflect By Tyler Johnson.
5:48 of 3rd period - Shot Blocked by Kevin Shattenkirk.
5:48 of 3rd period - Puck is out of play.
5:49 of 3rd period - Cody Hodgson wins face-off versus Brayden Schenn in Maple Leafs zone.
6:21 of 3rd period - Snap shot by Nikita Kucherov.
6:21 of 3rd period - Goal by Nikita Kucherov - Lightning : 1 - Maple Leafs : 2.
6:22 of 3rd period - Jordan Staal wins face-off versus Tyler Johnson in neutral zone.
6:25 of 3rd period - Slapshot by Kevin Shattenkirk.
6:25 of 3rd period - Deflect By Jordan Staal.
6:25 of 3rd period - Stopped by Jaroslav Halak with a rebound.
6:27 of 3rd period - Snap shot by Kevin Shattenkirk.
6:27 of 3rd period - Shot Blocked by Teuvo Teravainen.
6:38 of 3rd period - Icing by Jon Merrill.
6:39 of 3rd period - Tyler Johnson wins face-off versus Brayden Schenn in Lightning zone.
6:46 of 3rd period - Wrist shot by Brayden Schenn.
6:46 of 3rd period - Shot Misses the Net.
6:54 of 3rd period - Snap shot by Rasmus Ristolainen.
6:54 of 3rd period - Deflect By Nikita Kucherov.
6:54 of 3rd period - Stopped by Marc-André Fleury without a rebound.
6:55 of 3rd period - Taylor Hall wins face-off versus Cody Hodgson in Maple Leafs zone.
7:11 of 3rd period - Wrist shot by Henrik Zetterberg.
7:11 of 3rd period - Shot Misses the Net.
7:42 of 3rd period - Slapshot by Kevin Shattenkirk.
7:42 of 3rd period - Shot Misses the Net.
8:06 of 3rd period - Slapshot by Beau Bennett.
8:06 of 3rd period - Shot Misses the Net.
8:24 of 3rd period - Wrist shot by Patrick Kane.
8:24 of 3rd period - Stopped by Jaroslav Halak without a rebound.
8:25 of 3rd period - Cody Hodgson wins face-off versus Jordan Staal in Lightning zone.
8:42 of 3rd period - Wrist shot by Taylor Hall.
8:42 of 3rd period - Stopped by Jaroslav Halak with a rebound.
8:44 of 3rd period - Wrist shot by Jordan Staal.
8:44 of 3rd period - Deflect By Patrick Kane.
8:44 of 3rd period - Stopped by Jaroslav Halak without a rebound.
8:45 of 3rd period - Nikita Kucherov wins face-off versus Brayden Schenn in Lightning zone.
8:57 of 3rd period - Off-side.
8:58 of 3rd period - Tyler Johnson wins face-off versus Jordan Staal in neutral zone.
9:25 of 3rd period - Rasmus Ristolainen is hit by Brayden Schenn and loses puck.
10:10 of 3rd period - Slapshot by Theo Peckham.
10:10 of 3rd period - Shot Misses the Net.
10:16 of 3rd period - Wrist shot by Nikita Kucherov.
10:16 of 3rd period - Stopped by Marc-André Fleury with a rebound.
10:18 of 3rd period - Slapshot by Andy Rogers.
10:18 of 3rd period - Stopped by Marc-André Fleury without a rebound.
10:19 of 3rd period - Gilbert Brule wins face-off versus Jordan Staal in Maple Leafs zone.
10:22 of 3rd period - Snap shot by Patrick Kaleta.
10:22 of 3rd period - Shot Misses the Net.
10:24 of 3rd period - Wrist shot by Gilbert Brule.
10:24 of 3rd period - Stopped by Marc-André Fleury with a rebound.
10:26 of 3rd period - Wrist shot by Daniel Carcillo.
10:26 of 3rd period - Shot Misses the Net.
10:28 of 3rd period - Backhand shot by Daniel Carcillo.
10:28 of 3rd period - Shot Misses the Net.
10:44 of 3rd period - Jon Merrill is hit by Ben Smith and loses puck.
10:55 of 3rd period - Slapshot by Brayden Schenn.
10:55 of 3rd period - Stopped by Jaroslav Halak with a rebound.
10:57 of 3rd period - Snap shot by Brayden Schenn.
10:57 of 3rd period - Stopped by Jaroslav Halak without a rebound.
10:58 of 3rd period - Cody Hodgson wins face-off versus Jordan Staal in Lightning zone.
10:58 of 3rd period - Cody Hodgson is hit by Jordan Staal.
11:32 of 3rd period - Blake Comeau is hit by Henrik Zetterberg and loses puck.
11:53 of 3rd period - Cody Hodgson is hit by Braydon Coburn and loses puck.
12:04 of 3rd period - Slapshot by Jon Merrill.
12:04 of 3rd period - Shot Misses the Net.
12:06 of 3rd period - Snap shot by Cody Hodgson.
12:06 of 3rd period - Shot Misses the Net.
12:08 of 3rd period - Slapshot by Rasmus Ristolainen.
12:08 of 3rd period - Stopped by Marc-André Fleury without a rebound.
12:09 of 3rd period - Tyler Johnson wins face-off versus Jordan Staal in Maple Leafs zone.
12:31 of 3rd period - Minor Penalty to Nikita Kucherov for Tripping.
12:32 of 3rd period - Jordan Staal wins face-off versus Tyler Johnson in Lightning zone.
12:35 of 3rd period - Slapshot by Kevin Shattenkirk.
12:35 of 3rd period - Stopped by Jaroslav Halak without a rebound.
12:36 of 3rd period - Jordan Staal wins face-off versus Tyler Johnson in Lightning zone.
13:11 of 3rd period - Slapshot by Kevin Shattenkirk.
13:11 of 3rd period - Shot Blocked by Cameron Schilling.
13:13 of 3rd period - Slapshot by Ben Smith.
13:13 of 3rd period - Shot Blocked by Cameron Schilling.
14:31 of 3rd period - Penalty to Nikita Kucherov is over, Nikita Kucherov is back on ice.
14:46 of 3rd period - Wrist shot by Tyler Toffoli.
14:46 of 3rd period - Stopped by Marc-André Fleury with a rebound.
15:01 of 3rd period - Braydon Coburn is hit by Rasmus Ristolainen and loses puck.
16:09 of 3rd period - Minor Penalty to Alex Killorn for Tripping.
16:10 of 3rd period - Tyler Johnson wins face-off versus Brayden Schenn in Maple Leafs zone.
16:11 of 3rd period - Slapshot by Rasmus Ristolainen.
16:11 of 3rd period - Shot Misses the Net.
16:35 of 3rd period - Rasmus Ristolainen is hit by Braydon Coburn and loses puck.
16:42 of 3rd period - Snap shot by Jordan Staal.
16:42 of 3rd period - Deflect By Patrick Kane.
16:42 of 3rd period - Shot Blocked by Jon Merrill.
16:42 of 3rd period - Puck is out of play.
16:43 of 3rd period - Brayden Schenn wins face-off versus Teuvo Teravainen in Lightning zone.
16:52 of 3rd period - Snap shot by Tyler Johnson.
16:52 of 3rd period - Stopped by Marc-André Fleury without a rebound.
16:53 of 3rd period - Brayden Schenn wins face-off versus Tyler Johnson in Maple Leafs zone.
17:01 of 3rd period - Icing by Cameron Schilling.
17:02 of 3rd period - Brayden Schenn wins face-off versus Tyler Johnson in Lightning zone.
17:07 of 3rd period - Snap shot by Brayden Schenn.
17:07 of 3rd period - Stopped by Jaroslav Halak with a rebound.
17:47 of 3rd period - Snap shot by Teuvo Teravainen.
17:47 of 3rd period - Stopped by Marc-André Fleury without a rebound.
17:48 of 3rd period - Brayden Schenn wins face-off versus Cody Hodgson in Maple Leafs zone.
17:57 of 3rd period - Wrist shot by Rasmus Ristolainen.
17:57 of 3rd period - Stopped by Marc-André Fleury without a rebound.
17:58 of 3rd period - Cody Hodgson wins face-off versus Brayden Schenn in Maple Leafs zone.
18:09 of 3rd period - Penalty to Alex Killorn is over, Alex Killorn is back on ice.
18:31 of 3rd period - Snap shot by Brayden Schenn.
18:31 of 3rd period - Deflect By Alex Killorn.
18:31 of 3rd period - Shot Blocked by Cody Hodgson.
18:31 of 3rd period - Puck is out of play.
18:32 of 3rd period - Gilbert Brule wins face-off versus Mika Zibanejad in Lightning zone.
18:34 of 3rd period - Minor Penalty to Daniel Carcillo for Elbowing.
18:35 of 3rd period - Jordan Staal wins face-off versus Tyler Johnson in Lightning zone.
18:47 of 3rd period - Wrist shot by Jordan Staal.
18:47 of 3rd period - Goal by Jordan Staal - Lightning : 1 - Maple Leafs : 3.
18:48 of 3rd period - Mika Zibanejad wins face-off versus Daniel Carcillo in neutral zone.
19:18 of 3rd period - Snap shot by Henrik Zetterberg.
19:18 of 3rd period - Shot Misses the Net.
19:24 of 3rd period - Snap shot by Brayden Schenn.
19:24 of 3rd period - Shot Misses the Net.
19:26 of 3rd period - Wrist shot by Brayden Schenn.
19:26 of 3rd period - Stopped by Jaroslav Halak without a rebound.
19:27 of 3rd period - Brayden Schenn wins face-off versus Henrik Zetterberg in Lightning zone.
19:34 of 3rd period - Snap shot by Fabian Brunnstrom.
19:34 of 3rd period - Shot Misses the Net.
19:36 of 3rd period - Slapshot by Darnell Nurse.
19:36 of 3rd period - Stopped by Jaroslav Halak without a rebound.
19:37 of 3rd period - Brayden Schenn wins face-off versus Cody Hodgson in Lightning zone.
19:52 of 3rd period - Snap shot by Fabian Brunnstrom.
19:52 of 3rd period - Shot Misses the Net.
19:54 of 3rd period - Snap shot by Darnell Nurse.
19:54 of 3rd period - Stopped by Jaroslav Halak with a rebound.
Goals for this period are 1 for Lightning vs 2 for Maple Leafs.
Shots for this period are 15 for Lightning vs 15 for Maple Leafs.